 Dungeon Crawl Stone Soup version 0.20.1-1-g8b1a95d (webtiles) character file.

49 Phantomfrettchen the Insei (level 3, -4/23 HPs)
             Began as an Octopode Transmuter on Oct 5, 2017.
             Killed by a distortion unwield (18 damage)
             ... on level 2 of the Dungeon.
             The game lasted 00:03:23 (961 turns).

Phantomfrettchen the Insei (Octopode Transmuter)     Turns: 961, Time: 00:03:23

Health: -4/23      AC:  1    Str:  9    XL:     3   Next: 77%
Magic:  6/6        EV: 13    Int: 15    God:
Gold:   32         SH:  0    Dex: 13    Spells: 3/6 levels left

rFire    . . .     SeeInvis +     - Unarmed
rCold    . . .     Gourm    .   (no shield)
rNeg     . . .     Faith    .   (helmet restricted)
rPois    .         Spirit   .   (no amulet)
rElec    .         Reflect  .   m - ring of see invisible
rCorr    .         Harm     .   (no ring)
MR       .....                  (no ring)
Stlth    ++........             (no ring)
Regen    0.1/turn               (no ring)
MPRegen  0.1/turn               (no ring)
                                (no ring)
                                (no ring)

@: no status effects
A: almost no armour, stealthy swim, amphibious, 8 rings, constrict 8, camouflage
1, gelatinous body 1
a: no special abilities


You were on level 2 of the Dungeon.
You were not hungry.

You visited 1 branch of the dungeon, and saw 2 of its levels.

You collected 32 gold pieces.

Inventory:

Hand Weapons
 s - a +2 dagger of distortion
Missiles
 a - 12 arrows
 e - 93 stones (quivered)
 n - 7 javelins
Jewellery
 m - a ring of see invisible (left tentacle)
 o - a cursed -3 ring of slaying {unknown}
Scrolls
 f - 3 scrolls of identify {unknown}
 g - 5 scrolls of teleportation {unknown}
 l - a scroll of noise {unknown}
 p - a scroll of fog {unknown}
 r - a scroll of enchant armour {unknown}
Potions
 d - a potion of haste {unknown}
 i - a potion of degeneration {unknown}
 k - a potion of heal wounds {unknown}
 q - a potion of flight {unknown}
Books
 b - a book of Changes

   Spells                             Type                      Level
   a - Beastly Appendage              Transmutation                1
   b - Sticks to Snakes               Transmutation                2
   c - Spider Form                    Transmutation/Poison         3
   d - Ice Form                       Ice/Transmutation            4
   e - Blade Hands                    Transmutation                5
Comestibles
 c - a bread ration
 h - 4 fruits
 j - a chunk of flesh


   Skills:
 - Level 1.0 Fighting
 + Level 1.3 Short Blades
 - Level 2.6 Throwing
 - Level 2.0 Dodging
 - Level 3.0 Unarmed Combat
 - Level 2.1 Spellcasting
 - Level 2.0 Transmutations


You had 3 spell levels left.
You knew the following spells:

 Your Spells              Type           Power        Failure   Level  Hunger
a - Beastly Appendage     Tmut           #.....       10%         1    #......
b - Sticks to Snakes      Tmut           #.......     14%         2    ###....


Dungeon Overview and Level Annotations

Branches:
Dungeon (2/15)

Altars:
Trog


Innate Abilities, Weirdness & Mutations

You cannot wear most types of armour.
You are very stealthy in the water. (Stealth+)
You are amphibious.
You can wear up to eight rings at the same time.
You can use your tentacles to constrict eight enemies at once.
Your skin changes colour to match your surroundings (Stealth+).
Your rubbery body absorbs attacks. (AC +1, EV +1)


Message History

You squeeze the leopard gecko.
You kill the leopard gecko!
You hit the frilled lizard.
You kill the frilled lizard!
Things that are here:
a frilled lizard corpse; a ball python corpse Butcher a ball python corpse? [(y)es/(c)hoosy/(n)o/(a)ll/(e)dible/(q)uit/?]
You butcher the ball python corpse.
Some of the chunks of flesh in your inventory have rotted away.
You butcher the frilled lizard corpse.
Items here: %% รทรท a chunk of flesh x2; a frilled lizard skeleton; a ball python skeleton
Found a cloak.
Drop what? 19/52 slots (_ for help) (? for menu, Esc to quit)
Really unwield
s - a +2 dagger of distortion? [Y]es or [N]o only, please.
Really unwield
s - a +2 dagger of distortion?
You are crushed and pinned by an extremely strong localised spatial distortion!
Ouch! That really hurt!
You die...

......##....#.##.#.#.#...
......##....#.#....#.#.##
......#####.#.####......#
......# #.#.. #<.....#
.###### #.####
#......##### .#
#.#..#.#........... .#
##+#..#.......### ##
[l.....#####..# .
.......@%.....# .#
........####......# ...
#####.#.# #......# ##.
...... ..>.......
.......# ##.........
........# ###.......
........# .b.....
#........ .......


You could see a frilled lizard (sleeping).

Vanquished Creatures
  2 adders (D:2)
  A worm (D:2)
  A dart slug (D:2)
  A leopard gecko (D:2)
  6 bats
  A giant cockroach (D:1)
  2 goblins
  2 hobgoblins (D:1)
  2 kobolds (D:1)
  A ball python (D:2)
  3 frilled lizards
  4 rats
26 creatures vanquished.

Vanquished Creatures (others)
  A goblin (D:2)
  A kobold (D:2)
2 creatures vanquished.

Grand Total: 28 creatures vanquished

Notes
Turn   | Place    | Note
-------+----------+-------------------------------------------
     0 | D:1      | Phantomfrettchen the Octopode Transmuter began the quest for the Orb.
     0 | D:1      | Reached XP level 1. HP: 13/13 MP: 3/3
   232 | D:1      | Reached skill level 1 in Throwing
   244 | D:1      | Reached XP level 2. HP: 10/18 MP: 5/5
   713 | D:2      | Learned a level 2 spell: Sticks to Snakes
   840 | D:2      | Reached XP level 3. HP: 17/23 MP: 6/6
   921 | D:2      | Found a bloodstained altar of Trog.
   947 | D:2      | Reached skill level 1 in Short Blades
   961 | D:2      | Killed by a distortion unwield

Skill      XL: |  1  2  3 |
---------------+----------+-----
Throwing       | 1 2 |  2.6
Short Blades   | 1 |  1.3
Fighting       | |  1.0
Dodging        | |  2.0
Unarmed Combat | |  3.0
Spellcasting   | |  2.1
Transmutations | |  2.0

Action                   || total
-------------------------++-------
Melee: Unarmed           ||    40
       Tentacles         ||    10
       Constrict         ||    10
       Kick              ||     2
       Punch             ||     1
       Dagger            ||    18
 Cast: Beastly Appendage ||     1
 Stab: Sleeping          ||     5
Armor: Skin              ||     8
Dodge: Dodged            ||    37
